Map: Prion Terraces

Players

Toyer

  • Race: Zerg Zerg
  • League: Diamond

Miszu - Winner!

  • Race: Terran Terran
  • League: Master

VOD

Have the link to the VOD?

Description

Time

  • Played on: April 2, 2016, 9:25 a.m.
  • Length: 8:06
Show
View Real Time Build Order
Export as new Build Order

Toyer Zerg 

Build Orders: Hatch First 

Get SALT Encoding   

  12  0:01  Drone  
  13  0:10  Drone  
  14  0:25  Overlord  
  14  0:31  Extractor, Drone  
  15  0:43  Drone x2  
  17  0:53  Hatchery  
  17  0:57  Drone  
  17  1:00  Drone  
  18  1:13  Extractor  
  18  1:17  Spawning Pool  
  16  1:19  Drone  
  17  1:28  Drone  
  17  1:31  Drone  
  19  1:40  Overlord  
  19  1:53  Drone  
  20  2:03  Queen  
  20  2:04  Zergling x2  
  20  2:06  Queen  
  25  2:13  Metabolic Boost  
  25  2:15  Drone  
  26  2:19  Zergling x2  
  26  2:21  Zergling x2  
  27  2:45  Drone x5  
  31  2:52  Roach Warren  
  31  2:56  Overlord  
  30  3:06  Zergling x4  
  30  3:08  Queen  
  33  3:16  Zergling x4  
  33  3:27  Zergling x6  
  31  3:36  Roach x4  
  31  3:41  Overlord  
  36  3:49  Queen  
  37  3:57  Roach x3  
  43  4:08  Roach x2  
  45  4:23  Queen  
  47  4:24  Overlord  
  47  4:27  Drone  
  47  4:28  Drone x3  
  51  4:34  Overlord  
  51  4:42  Overlord  
  51  4:47  Overlord, Drone  
  52  4:52  Overlord  
  52  4:54  Drone  
  52  4:55  Drone  
  54  5:03  Ravager x2  
  56  5:07  Overlord  
  56  5:08  Drone  
  56  5:09  Drone x2  
  57  5:32  Drone x6  
  62  5:38  Ravager x2  
  64  5:46  Roach  
  66  5:59  Hatchery  
  66  6:04  Extractor  
  64  6:06  Overlord  
  64  6:07  Extractor  
  64  6:18  Drone x3  
  64  6:19  Drone x2  
  68  6:30  Lair  
  68  6:32  Drone  
  69  6:35  Extractor, Drone  
  69  6:36  Drone x7  
  76  6:41  Overlord  
  76  6:47  Drone  
  76  6:48  Drone x3  
  80  6:57  Overlord  
  80  7:13  Overlord  
  80  7:14  Drone, Evolution Chamber  
  80  7:15  Drone x6, Evolution Chamber  
  85  7:18  Extractor  
  85  7:20  Extractor  
  83  7:27  Drone  
  83  7:28  Drone  
  85  7:30  Overlord  
  85  7:33  Roach x2  
  85  7:34  Roach x3  
Show
View Real Time Build Order
Export as new Build Order

Miszu Terran - Winner!

Build Orders: MMM Bio 

Get SALT Encoding   

  12  0:02  SCV  
  13  0:14  SCV  
  13  0:18  Supply Depot  
  14  0:26  SCV  
  15  0:40  SCV  
  15  0:42  Barracks  
  16  0:44  Refinery  
  16  0:52  SCV  
  17  0:59  Barracks  
  17  1:04  SCV  
  18  1:16  SCV  
  19  1:20  Barracks  
  19  1:28  SCV  
  19  1:30  Reaper  
  21  1:41  Refinery  
  21  1:46  Supply Depot  
  22  1:47  Reaper  
  22  1:57  Orbital Command  
  22  2:03  Reaper  
  23  2:17  Reaper  
  23  2:18  Supply Depot  
  23  2:22  SCV  
  25  2:27  Reaper  
  26  2:34  SCV  
  27  2:41  Reaper  
  28  2:46  SCV  
  29  2:53  Reaper  
  30  2:58  Command Center  
  30  3:00  SCV  
  30  3:03  Reaper  
  32  3:15  Reaper, SCV  
  34  3:25  Reaper  
  34  3:36  Reaper, SCV  
  36  3:47  Reaper  
  36  3:48  SCV  
  38  3:59  Command Center  
  38  4:00  SCV  
  39  4:06  Supply Depot  
  39  4:12  Barracks Tech Lab, SCV  
  39  4:13  Barracks Reactor  
  40  4:24  SCV  
  40  4:30  Orbital Command  
  41  4:32  Factory, Barracks Tech Lab  
  41  4:33  Marine  
  41  4:36  SCV  
  43  4:39  Stimpack  
  43  4:49  Marine x2, SCV  
  43  4:51  Marine x2  
  48  4:57  SCV  
  48  5:01  SCV  
  48  5:05  Refinery  
  48  5:06  Refinery  
  48  5:07  Marine x2  
  49  5:09  Marine, Marauder  
  49  5:10  SCV  
  49  5:13  SCV  
  56  5:16  Factory Reactor  
  56  5:18  Starport  
  56  5:22  SCV  
  56  5:25  SCV  
  57  5:32  Orbital Command  
  57  5:34  Marine x4, SCV  
  60  5:37  SCV  
  60  5:38  Combat Shields  
  61  5:46  SCV  
  61  5:48  Supply Depot  
  61  5:49  SCV  
  63  5:52  Marine x4  
  66  5:59  SCV  
  66  6:01  SCV  
  66  6:02  Engineering Bay  
  66  6:03  Factory Tech Lab  
  68  6:05  Engineering Bay, Medivac x2  
  68  6:10  Marine  
  68  6:11  SCV  
  74  6:13  Supply Depot  
  74  6:15  Marine x2  
  74  6:16  Marine  
  77  6:25  Barracks  
  77  6:26  Barracks  
  77  6:27  Marine  
  77  6:29  SCV  
  77  6:30  SCV  
  80  6:33  Marine x3, Orbital Command  
  80  6:38  Supply Depot  
  80  6:39  Supply Depot  
  83  6:43  Medivac, Siege Tank  
  83  6:44  Medivac  
  83  6:46  Concussive Shells  
  90  6:52  Marauder  
  90  6:53  SCV  
  93  6:59  SCV  
  93  7:00  SCV  
  95  7:02  Supply Depot  
  95  7:06  Marine x3  
  98  7:10  SCV  
  98  7:12  SCV  
  98  7:14  Supply Depot  
  101  7:16  Barracks Reactor x2  
  101  7:19  Siege Tank  
  103  7:23  SCV, Armory  
  103  7:24  Marine  
  103  7:26  Marine  
  103  7:28  Marine x2  
  108  7:31  Medivac  
  110  7:42  Marine  
  110  7:44  Marine  
  108  7:46  Marine  
Tags
 
Add a new tag
Caveats
  • Supply blocks, unpowered buildings, or Contaminate may cause inaccurate times.
  • Supply counts are checked every 10 seconds.